[Event "Titled Tuesday Blitz June 6 Late 2023"]
[White "Zenin, Dmitry"]
[Black "Matinian, Nikita"]
[WhiteFideId "4127897"]
[BlackFideId "24129100"]
[WhiteElo "2215"]
[BlackElo "2422"]
[Result "0-1"]
[Round "2"]
[TimeControl "180+2"]
[Date "2023.06.07"]
[WhiteClock "0:01:06"]
[BlackClock "0:01:37"]
[Board "67"]

1. d4 g6 2. c4 Bg7 3. e4 d6 4. Nc3 e5 5. Nf3 Nd7 6. Be2 Ne7 7. O-O O-O 8. Rb1 Nc6 9. d5 Nd4 10. Nxd4 exd4 11. Nb5 Re8 12. f3 Ne5 13. Nxd4 c6 14. Kh1 c5 15. Nb5 f5 16. f4 Nf7 17. exf5 Bxf5 18. Bd3 a6 19. Nc3 Qh4 20. Bxf5 gxf5 21. Bd2 Nh6 22. Qf3 Ng4 23. h3 Bd4 24. Be1 Qh6 25. Nd1 Re4 26. Bg3 Rae8 27. b4 Re3 28. Nxe3 Rxe3 29. Qf2 Nxf2+ 0-1


[Site "https://www.chess.com"]

[Event "Titled Tuesday Blitz June 6 Late 2023"]
[White "julioramirezosio"]
[Black "Jaracz, Pawel"]
[BlackFideId "1102222"]
[WhiteElo "2398"]
[BlackElo "2454"]
[Result "0-1"]
[Round "2"]
[TimeControl "180+2"]
[Date "2023.06.07"]
[WhiteClock "0:00:16"]
[BlackClock "0:00:27"]
[Board "68"]

1. d4 Nf6 2. c4 g6 3. g3 c6 4. Bg2 d5 5. cxd5 cxd5 6. Nf3 Bg7 7. O-O O-O 8. Ne5 Ng4 9. Bf4 Nxe5 10. dxe5 e6 11. Nc3 Nc6 12. e4 d4 13. Nb5 Qb6 14. a4 a6 15. Nd6 Nxe5 16. Bxe5 Bxe5 17. Nc4 Qc5 18. Nxe5 Qxe5 19. f4 Qc5 20. e5 Rd8 21. Qb3 d3+ 22. Kh1 Rb8 23. Rfd1 d2 24. Qa3 Qf2 25. Qc3 b5 26. axb5 axb5 27. Qc7 Bd7 28. h4 Rbc8 29. Qd6 Bc6 0-1


[Site "https://www.chess.com"]

[Event "Titled Tuesday Blitz June 6 Late 2023"]
[White "Korchmar, Vasiliy"]
[Black "Lalanne, Pablo"]
[WhiteFideId "24131750"]
[BlackFideId "112151"]
[WhiteElo "2370"]
[BlackElo "2120"]
[Result "1-0"]
[Round "2"]
[TimeControl "180+2"]
[Date "2023.06.07"]
[WhiteClock "0:00:05"]
[BlackClock "0:00:06"]
[Board "69"]

1. e4 c5 2. Nf3 d6 3. d4 cxd4 4. Nxd4 Nf6 5. Nc3 Nc6 6. Be2 e5 7. Nf3 Be7 8. O-O O-O 9. Re1 h6 10. h3 Be6 11. Bf1 Qd7 12. b3 Rac8 13. Bb2 Nh7 14. Nd5 Bd8 15. Nd2 f5 16. Nc4 Kh8 17. exf5 Bxf5 18. Nde3 Be7 19. Nxf5 Qxf5 20. f3 Rcd8 21. Ne3 Qg6 22. Nd5 Bh4 23. Re4 Bf6 24. Bd3 Qh5 25. c4 Ng5 26. Rg4 Ne7 27. Nxe7 Bxe7 28. Qe2 Rf6 29. h4 Ne6 30. Qe4 g6 31. Rxg6 Rxg6 32. Qxg6 Qxg6 33. Bxg6 Bxh4 34. Rd1 Nf4 35. Be4 Bf6 36. Bxb7 a5 37. Be4 Kg7 38. Ba3 Be7 39. Kf2 Kf6 40. g3 Ne6 41. Rd5 a4 42. Ra5 axb3 43. axb3 Rb8 44. b4 Nd4 45. Bd5 Nf5 46. b5 h5 47. Ra6 h4 48. g4 Nd4 49. Bxd6 Bxd6 50. Rxd6+ Ke7 51. Rh6 Rf8 52. Rxh4 Kd6 53. Rh6+ Kc5 54. b6 1-0


[Site "https://www.chess.com"]

[Event "Titled Tuesday Blitz June 6 Late 2023"]
[White "Romero Ruscalleda, Josep"]
[Black "Sai Krishna G V"]
[WhiteFideId "2231859"]
[BlackFideId "5028280"]
[WhiteElo "2183"]
[BlackElo "2359"]
[Result "1-0"]
[Round "2"]
[TimeControl "180+2"]
[Date "2023.06.07"]
[WhiteClock "0:01:03"]
[BlackClock "0:01:03"]
[Board "70"]

1. e4 e5 2. Nf3 Nc6 3. Bc4 Nf6 4. d4 exd4 5. e5 d5 6. Bb5 Ne4 7. Nxd4 Bd7 8. Bxc6 bxc6 9. O-O Bc5 10. Be3 Bb6 11. Nd2 c5 12. Nxe4 cxd4 13. Bg5 Qc8 14. Ng3 c5 15. Qf3 Be6 16. Nh5 g6 17. Qf6 Kd7 18. Nf4 Bd8 19. Qxh8 Bxg5 20. Qxc8+ Rxc8 21. Nxe6 fxe6 22. f4 Bd8 23. Rf3 c4 24. Kf1 Ba5 25. Ke2 Rb8 26. Ra3 Bb6 27. Rd1 Kc6 28. Rh3 Rb7 29. g4 Kc5 30. Kf3 Ba5 31. b3 d3 32. cxd3 c3 33. d4+ Kb4 34. Ke2 Ka3 35. Kd3 Kxa2 36. Kc2 Ka3 37. Ra1+ Kb4 38. Rxc3 Rf7 39. Rc5 Rxf4 40. Ra4# 1-0


[Site "https://www.chess.com"]

[Event "Titled Tuesday Blitz June 6 Late 2023"]
[White "Senft, Sean"]
[Black "laziestwin"]
[WhiteFideId "2044960"]
[WhiteElo "1989"]
[BlackElo "2677"]
[Result "1/2-1/2"]
[Round "2"]
[TimeControl "180+2"]
[Date "2023.06.07"]
[WhiteClock "0:00:28"]
[BlackClock "0:00:09"]
[Board "71"]

1. d4 Nf6 2. c4 e6 3. Nc3 Bb4 4. f3 d5 5. Bg5 c5 6. cxd5 exd5 7. e3 Nc6 8. Bb5 O-O 9. Ne2 h6 10. Bh4 Re8 11. Qd3 Qe7 12. O-O Qxe3+ 13. Qxe3 Rxe3 14. Bxc6 bxc6 15. Bf2 Rxe2 16. Nxe2 Ba6 17. Rfe1 Bxe1 18. Rxe1 Bxe2 19. Rxe2 c4 20. Re7 Rb8 21. Re2 a5 22. Kf1 a4 23. a3 Rb3 24. Be1 Nd7 25. Bc3 c5 26. dxc5 Nxc5 27. Re8+ Kh7 28. Rd8 Nd3 29. Rxd5 Nxb2 30. Bxb2 Rxb2 31. Rc5 Rc2 32. Ra5 c3 33. Rxa4 Ra2 34. Rc4 Rxa3 35. Kf2 Ra2+ 36. Kg3 Rc2 37. Rc7 Kg6 38. Rc6+ f6 39. h4 Kf5 40. h5 Kg5 41. Rc7 g6 42. hxg6 Kxg6 43. Rc5 h5 44. Kh3 Rc1 45. Kg3 c2 46. Kf4 Kf7 47. Rc6 Kg6 48. Rc7 h4 49. Kg4 h3 50. Kg3 hxg2 51. Kxg2 Kf5 52. Rc4 Ke5 53. Rc8 Kd5 54. Rd8+ Ke5 55. Re8+ Kf4 56. Rc8 Ke3 57. Re8+ Kf4 58. Rc8 f5 59. Rc7 Ke3 60. Re7+ Kf4 61. Rc7 Kg5 62. Rg7+ Kf6 63. Rc7 f4 64. Rc5 Ke6 65. Rc8 Kd5 66. Rd8+ Ke5 67. Rc8 Kd4 68. Rd8+ Ke3 69. Re8+ Kd3 70. Rd8+ Kc3 71. Rc8+ Kd4 72. Rd8+ Ke5 73. Rc8 Kf6 74. Rc6+ Kg5 75. Rc3 Kh4 76. Rc8 Kh5 77. Rh8+ Kg5 78. Rg8+ Kf5 79. Rc8 Ke6 80. Rc3 Kd7 81. Rc4 Kd6 82. Rc3 Kd5 83. Rc8 Rd1 84. Rxc2 Kd4 85. Kh3 Rg1 86. Re2 Rg3+ 87. Kh2 Kd3 88. Re8 Rxf3 89. Kg2 Re3 90. Rf8 Ke4 91. Re8+ Kd4 92. Rf8 Rg3+ 93. Kf2 Ke4 94. Re8+ Kf5 95. Rf8+ Kg4 96. Rg8+ Kh3 97. Rh8+ Kg4 98. Rg8+ Kh4 99. Rh8+ Kg5 100. Rg8+ Kf5 101. Rf8+ Ke5 102. Re8+ Kd5 103. Rd8+ Ke6 104. Rf8 Ke5 105. Re8+ Kf5 106. Rf8+ 1/2-1/2


[Site "https://www.chess.com"]

[Event "Titled Tuesday Blitz June 6 Late 2023"]
[White "Kleiman, Jake"]
[Black "Weisz, Bryan"]
[WhiteFideId "2020041"]
[BlackFideId "30934133"]
[WhiteElo "2675"]
[BlackElo "2314"]
[Result "1-0"]
[Round "2"]
[TimeControl "180+2"]
[Date "2023.06.07"]
[WhiteClock "0:00:09"]
[BlackClock "0:00:06"]
[Board "72"]

1. e4 e6 2. d3 c5 3. Nf3 Nc6 4. g3 g6 5. Bg5 f6 6. Be3 d6 7. d4 cxd4 8. Nxd4 Bg7 9. Bg2 a6 10. O-O Nge7 11. c4 O-O 12. Nc3 f5 13. f4 fxe4 14. Nxe4 d5 15. Ng5 Qb6 16. Nf5 d4 17. Nxe7+ Nxe7 18. Bc1 Nf5 19. Re1 Kh8 20. Qd3 Bd7 21. b3 Rae8 22. Ba3 Rf6 23. Ne4 Rf7 24. Rad1 Ne3 25. Rxe3 dxe3 26. c5 Qc7 27. Nd6 Ref8 28. Nxf7+ Rxf7 29. Qxe3 e5 30. fxe5 Bxe5 31. Re1 Bf6 32. Qd2 Bc6 33. Bxc6 Qxc6 34. Rd1 Kg7 35. Qd5 Qb5 36. Bc1 Qe2 37. Bf4 g5 38. Bxg5 Bd4+ 39. Qxd4+ Kg6 40. Bf4 Qf3 41. Qd3+ 1-0


[Site "https://www.chess.com"]

[Event "Titled Tuesday Blitz June 6 Late 2023"]
[White "Martinez Ramirez, Lennis"]
[Black "Magallanes, Rey Jomar"]
[WhiteFideId "3509079"]
[BlackFideId "5205948"]
[WhiteElo "2410"]
[BlackElo "2310"]
[Result "1/2-1/2"]
[Round "2"]
[TimeControl "180+2"]
[Date "2023.06.07"]
[WhiteClock "0:00:04"]
[BlackClock "0:00:18"]
[Board "73"]

1. c4 e6 2. d4 d5 3. cxd5 exd5 4. Nc3 Nf6 5. Bg5 c6 6. e3 Be7 7. Bd3 Nbd7 8. Nge2 O-O 9. O-O Re8 10. f3 Nf8 11. Bh4 g6 12. Bf2 Ne6 13. h3 b5 14. e4 dxe4 15. fxe4 a5 16. Rc1 Bb7 17. e5 Nd5 18. Nxd5 Qxd5 19. Nc3 Qd8 20. Be4 Ng5 21. Qg4 Nxe4 22. Nxe4 Bc8 23. Qf4 Bf5 24. Rxc6 Qd5 25. Nf6+ Bxf6 26. Rxf6 Rac8 27. Bh4 Rc2 28. Rf2 Rxf2 29. Qxf2 Rc8 30. Rxf5 gxf5 31. Bf6 Kf8 32. Kh2 Qe4 33. Qg3 Ke8 34. Qg8+ Kd7 35. Qxf7+ Kc6 36. Qe6+ Kb7 37. Qd7+ Rc7 38. Qxb5+ Kc8 39. Qe8+ Kb7 40. Qb5+ Kc8 41. Bg5 Qxd4 42. e6 Qd6+ 43. Kg1 Qxe6 44. Bf4 Rb7 45. Qxa5 Qb6+ 46. Qxb6 Rxb6 47. Be5 Rb5 48. Bc3 Kd7 49. a4 Rb3 50. a5 Kc6 51. Kf2 Kb5 52. Kf3 Kc4 53. Kf4 Rb5 54. a6 Rb8 55. a7 Ra8 56. Kxf5 Rxa7 57. g4 Rf7+ 58. Kg5 Rf3 59. h4 Kd5 60. h5 Rg3 61. Kh4 Rg1 62. g5 Ke6 63. g6 hxg6 64. h6 g5+ 65. Kh5 Kf7 66. Bd4 Rh1+ 67. Kxg5 Rh2 68. b4 Rg2+ 69. Kf5 Rh2 70. Kg5 Rg2+ 71. Kf5 Rh2 72. Be3 Rh3 73. Bf4 Rb3 74. Bd6 Rh3 75. Kg5 Rh1 76. b5 Rg1+ 77. Kf5 Rb1 78. Be5 Rxb5 79. h7 Rxe5+ 80. Kxe5 Kg7 81. h8=Q+ Kxh8 1/2-1/2


[Site "https://www.chess.com"]

[Event "Titled Tuesday Blitz June 6 Late 2023"]
[White "Rodriguez Santiago, Jaime"]
[Black "Ehlvest, Jaan"]
[WhiteFideId "3100898"]
[BlackFideId "4500016"]
[WhiteElo "2025"]
[BlackElo "2442"]
[Result "1-0"]
[Round "2"]
[TimeControl "180+2"]
[Date "2023.06.07"]
[WhiteClock "0:00:19"]
[BlackClock "0:01:13"]
[Board "74"]

1. c4 e5 2. Nc3 Bb4 3. g3 Bxc3 4. dxc3 d6 5. e4 a5 6. a4 Be6 7. b3 Nd7 8. Bd3 Nc5 9. Bc2 h5 10. h4 Ne7 11. Be3 b6 12. Qd2 Qd7 13. f3 f5 14. O-O-O fxe4 15. fxe4 Bg4 16. Rf1 Ng8 17. Nf3 Nf6 18. Ng5 O-O 19. Rf2 c6 20. Rhf1 Rad8 21. Kb2 Qb7 22. Bxc5 bxc5 23. Bd1 d5 24. Bxg4 hxg4 25. Ne6 Rb8 26. Nxc5 Qb6 27. Qe3 Rfd8 28. Rxf6 d4 29. cxd4 exd4 30. Qg5 d3 31. Rf7 1-0


[Site "https://www.chess.com"]

[Event "Titled Tuesday Blitz June 6 Late 2023"]
[White "Amburgy, Ryan"]
[Black "Kejzar, Petra"]
[WhiteFideId "30924820"]
[BlackFideId "14610213"]
[WhiteElo "2134"]
[BlackElo "2089"]
[Result "0-1"]
[Round "2"]
[TimeControl "180+2"]
[Date "2023.06.07"]
[WhiteClock "0:01:20"]
[BlackClock "0:02:30"]
[Board "75"]

1. d4 d5 2. c4 c6 3. Nf3 Nf6 4. Nc3 dxc4 5. a4 Bf5 6. e3 e6 7. Bxc4 Bb4 8. O-O O-O 9. Qe2 Nbd7 10. e4 Bg6 11. Bd3 a5 12. Rd1 Qe7 13. Bg5 e5 14. Bxf6 Qxf6 15. d5 Nb6 16. Qe3 cxd5 17. Nxd5 Nxd5 18. exd5 e4 19. Bxe4 Rfe8 20. Re1 Rxe4 0-1


[Site "https://www.chess.com"]

[Event "Titled Tuesday Blitz June 6 Late 2023"]
[White "Matthew_Clarke"]
[Black "Blohberger, Felix"]
[BlackFideId "1632051"]
[WhiteElo "2271"]
[BlackElo "2435"]
[Result "0-1"]
[Round "2"]
[TimeControl "180+2"]
[Date "2023.06.07"]
[WhiteClock "0:00:02"]
[BlackClock "0:00:04"]
[Board "76"]

1. d4 Nf6 2. c4 e6 3. g3 Bb4+ 4. Bd2 Be7 5. Bg2 d5 6. Nf3 O-O 7. O-O Nbd7 8. Nc3 c6 9. b3 b6 10. Qc2 a5 11. e4 Ba6 12. e5 Ne8 13. Ne2 Nc7 14. h4 h6 15. Rfc1 Rc8 16. Nf4 c5 17. dxc5 Nxc5 18. Be3 Bb7 19. Nd4 Qd7 20. Rd1 Rfd8 21. Qb2 Qe8 22. Rac1 Ba8 23. h5 Bf8 24. Rd2 dxc4 25. Bxa8 Rxa8 26. bxc4 Rab8 27. g4 Ne4 28. Rdc2 Bc5 29. Nb5 Nxb5 30. Qxb5 Bxe3 31. Qxe8+ Rxe8 32. fxe3 Rec8 33. Ne2 Rc5 34. Nd4 Rbc8 35. Rb1 Rxc4 36. Rxc4 Rxc4 37. Rxb6 Nc3 38. Rb8+ Kh7 39. Rb7 Kg8 40. Rb8+ Kh7 41. Rb7 Rc5 42. Rxf7 Rxe5 43. Ra7 Nxa2 44. Kf2 Nc3 45. Nc6 Rc5 46. Nxa5 Ne4+ 47. Kf3 Ng5+ 48. Kg3 Rc3 49. Kf2 Ne4+ 50. Kf3 Ng5+ 51. Kf2 Rc2+ 52. Ke1 Nf3+ 53. Kd1 Rd2+ 54. Kc1 Re2 55. Nc4 Rg2 56. Nd6 Rxg4 57. Ne8 Kg8 0-1


[Site "https://www.chess.com"]

[Event "Titled Tuesday Blitz June 6 Late 2023"]
[White "Wang, Alexander J"]
[Black "Tatarinov, Dmitry"]
[WhiteFideId "30955270"]
[BlackFideId "24160067"]
[WhiteElo "2259"]
[BlackElo "2326"]
[Result "1-0"]
[Round "2"]
[TimeControl "180+2"]
[Date "2023.06.07"]
[WhiteClock "0:00:04"]
[BlackClock "0:00:56"]
[Board "77"]

1. e4 e5 2. Nf3 Nc6 3. Bb5 Nf6 4. O-O Bc5 5. Nc3 Nd4 6. Nxd4 Bxd4 7. Re1 O-O 8. d3 h6 9. Be3 Bxe3 10. fxe3 d6 11. Bc4 Be6 12. Bxe6 fxe6 13. Rf1 Qe8 14. Qe2 Qg6 15. Rf2 Ng4 16. Rxf8+ Rxf8 17. h3 Nf6 18. Rf1 a6 19. Rf3 d5 20. exd5 exd5 21. e4 dxe4 22. Nxe4 Nd5 23. Rxf8+ Kxf8 24. Qf2+ Nf4 25. g3 Kg8 26. Kh2 Ne6 27. Nc5 Nd4 28. c3 Nc6 29. Nxb7 Qxd3 30. Nc5 Qd5 31. Nxa6 e4 32. Nc5 Ne5 33. Nb3 Nf3+ 34. Kg2 Qd1 35. Nd4 Ne1+ 36. Kh2 Nd3 37. Qe2 Qc1 38. Qxe4 Qxb2+ 39. Qe2 Qxc3 40. Qe6+ Kf8 41. Qc8+ Ke7 42. Qe6+ Kd8 43. Qg8+ Kd7 44. Qe6+ Kd8 45. Nc6+ Qxc6 46. Qxc6 1-0


[Site "https://www.chess.com"]

[Event "Titled Tuesday Blitz June 6 Late 2023"]
[White "Cagara, Paulina"]
[Black "Najer, Evgeniy"]
[WhiteFideId "1124870"]
[BlackFideId "4118987"]
[WhiteElo "1967"]
[BlackElo "2545"]
[Result "0-1"]
[Round "2"]
[TimeControl "180+2"]
[Date "2023.06.07"]
[WhiteClock "0:00:15"]
[BlackClock "0:00:13"]
[Board "78"]

1. e4 c6 2. d4 d5 3. exd5 cxd5 4. Bd3 Nc6 5. c3 Nf6 6. h3 g6 7. Nf3 Bf5 8. Bxf5 gxf5 9. Bf4 e6 10. Nbd2 Bd6 11. Ne5 Rg8 12. Bg3 Rxg3 13. fxg3 Nxe5 14. dxe5 Bxe5 15. Qf3 h5 16. O-O-O Qc7 17. g4 hxg4 18. hxg4 fxg4 19. Qd3 O-O-O 20. Rdf1 Kb8 21. Kb1 Qe7 22. Qe3 Nd7 23. Rh7 Rf8 24. Nb3 Bd6 25. Nd4 Nf6 26. Qg5 Nxh7 27. Qg7 Ng5 28. Re1 Ne4 29. Qxg4 a6 30. a4 f5 31. Qd1 Be5 32. Nf3 Bxc3 33. Re3 Qb4 34. Qc2 Rc8 35. Ka2 Bd4 36. Qb3 Qxb3+ 37. Rxb3 Bf6 38. a5 Rc5 39. Rb6 Rxa5+ 40. Kb1 Rb5 41. Rxe6 Rxb2+ 42. Kc1 Bc3 43. Re8+ Ka7 44. Rd8 Rxg2 45. Rxd5 Rf2 46. Nh4 Bd2+ 47. Kb1 Nc3+ 48. Kc2 Nxd5 49. Kd3 Be3 50. Ng6 Rd2+ 51. Kc4 b5+ 52. Kb3 a5 53. Ne5 a4+ 54. Ka3 Bc5# 0-1


[Site "https://www.chess.com"]

[Event "Titled Tuesday Blitz June 6 Late 2023"]
[White "Ibadov, Dashgyn"]
[Black "Ogreberbere"]
[WhiteFideId "24107514"]
[WhiteElo "2208"]
[BlackElo "2178"]
[Result "0-1"]
[Round "2"]
[TimeControl "180+2"]
[Date "2023.06.07"]
[WhiteClock "0:00:04"]
[BlackClock "0:00:07"]
[Board "79"]

1. e4 e6 2. d4 d5 3. Nc3 Nf6 4. e5 Nfd7 5. Nce2 c5 6. c3 Nc6 7. Nf3 Be7 8. a3 b5 9. b4 cxd4 10. cxd4 a5 11. Nf4 axb4 12. Bxb5 Qb6 13. a4 Ba6 14. Bxa6 Qxa6 15. Nd3 Qc4 16. O-O Nxd4 17. Nxd4 Qxd4 18. Be3 Qc4 19. Rc1 Qa6 20. Qg4 Qxd3 21. Qxg7 Rf8 22. Qg4 Qg6 23. Qd4 Rg8 24. g3 Qe4 25. Qb2 Nxe5 26. Rfd1 Nd3 27. Rxd3 Qxd3 28. Qe5 Qe4 29. Qc7 Rd8 30. Qc6+ Kf8 31. Bh6+ Rg7 32. a5 Qg6 33. Bxg7+ Kxg7 34. a6 b3 35. Qb6 Qd3 36. a7 Qd2 37. Rb1 Qc2 38. Rxb3 Bc5 39. Qxd8 Qxf2+ 40. Kh1 Qg1# 0-1


[Site "https://www.chess.com"]

[Event "Titled Tuesday Blitz June 6 Late 2023"]
[White "Cluke86"]
[Black "Zhurbinsky, David"]
[BlackFideId "2072904"]
[WhiteElo "2141"]
[BlackElo "2657"]
[Result "0-1"]
[Round "2"]
[TimeControl "180+2"]
[Date "2023.06.07"]
[WhiteClock "0:00:26"]
[BlackClock "0:01:14"]
[Board "80"]

1. e4 e5 2. Nf3 Nc6 3. Bc4 Bc5 4. O-O d6 5. d4 Nxd4 6. Ng5 Nh6 7. Qh5 O-O 8. Nxh7 Kxh7 9. Bxf7 Qf6 10. Bc4 Bg4 11. Qg5 Qxg5 12. Bxg5 Nxc2 13. h3 Bh5 14. Nc3 Nxa1 15. Rxa1 Rxf2 16. Na4 Bd4 0-1


[Site "https://www.chess.com"]

[Event "Titled Tuesday Blitz June 6 Late 2023"]
[White "Papp, Levente"]
[Black "Torres Dominguez, David"]
[WhiteFideId "751243"]
[BlackFideId "2220857"]
[WhiteElo "2380"]
[BlackElo "1999"]
[Result "1-0"]
[Round "2"]
[TimeControl "180+2"]
[Date "2023.06.07"]
[WhiteClock "0:02:07"]
[BlackClock "0:01:25"]
[Board "81"]

1. Nf3 d5 2. g3 Nc6 3. d4 Bg4 4. Bg2 Qd7 5. c4 dxc4 6. d5 O-O-O 7. Nc3 Bxf3 8. Bxf3 Ne5 9. Bg2 Nf6 10. Qd4 Nc6 11. Qe3 Nb8 12. Qxa7 c6 13. Bf4 e5 14. dxe6 1-0


[Site "https://www.chess.com"]

[Event "Titled Tuesday Blitz June 6 Late 2023"]
[White "Goryachkina, Aleksandra"]
[Black "Sanchez, Robert"]
[WhiteFideId "4147103"]
[BlackFideId "2034360"]
[WhiteElo "2471"]
[BlackElo "1861"]
[Result "0-1"]
[Round "2"]
[TimeControl "180+2"]
[Date "2023.06.07"]
[WhiteClock "0:00:01"]
[BlackClock "0:00:12"]
[Board "82"]

1. e4 e6 2. d4 d5 3. Nc3 Nf6 4. Bg5 Be7 5. e5 Nfd7 6. h4 h6 7. Bxe7 Qxe7 8. Nf3 a6 9. Qd2 c5 10. dxc5 Nc6 11. O-O-O Nxc5 12. Bd3 Bd7 13. Kb1 b5 14. Ne2 Nxd3 15. cxd3 O-O 16. Ned4 Nxd4 17. Nxd4 f6 18. f4 fxe5 19. fxe5 b4 20. g4 Qc5 21. Qe3 Rf7 22. Rc1 Qb6 23. g5 h5 24. g6 Rff8 25. Ka1 Be8 26. Rhg1 a5 27. Rg5 a4 28. Rxh5 a3 29. Rg1 Bxg6 30. Kb1 Bxh5 0-1


[Site "https://www.chess.com"]

[Event "Titled Tuesday Blitz June 6 Late 2023"]
[White "Caruana, Fabiano"]
[Black "Semenova, Alina"]
[WhiteFideId "2020009"]
[BlackFideId "24113875"]
[WhiteElo "2832"]
[BlackElo "1833"]
[Result "1-0"]
[Round "2"]
[TimeControl "180+2"]
[Date "2023.06.07"]
[WhiteClock "0:02:53"]
[BlackClock "0:02:41"]
[Board "83"]

1. d4 d6 2. a4 Nf6 3. Bg5 g6 4. Bxf6 exf6 5. a5 Nc6 6. e3 Bg7 7. a6 bxa6 8. Bxa6 Bxa6 9. Rxa6 Qd7 10. Qf3 Nb4 11. Qxa8+ Ke7 12. Qe4+ Kd8 13. Rxa7 Re8 14. Ra8+ 1-0


[Site "https://www.chess.com"]

[Event "Titled Tuesday Blitz June 6 Late 2023"]
[White "Duda, Jan-Krzysztof"]
[Black "Krsnik Cohar, Ivan Vihor"]
[WhiteFideId "1170546"]
[BlackFideId "14520044"]
[WhiteElo "2783"]
[BlackElo "2414"]
[Result "1-0"]
[Round "2"]
[TimeControl "180+2"]
[Date "2023.06.07"]
[WhiteClock "0:02:25"]
[BlackClock "0:01:03"]
[Board "84"]

1. e4 c5 2. Nf3 g6 3. c4 Nc6 4. d4 cxd4 5. Nxd4 Bg7 6. Be3 Nf6 7. Nc3 d6 8. f3 Bd7 9. Qd2 Nxd4 10. Bxd4 a5 11. O-O-O a4 12. a3 Rc8 13. Kb1 O-O 14. g4 Be6 15. Nxa4 Bxc4 16. Nb6 Bxf1 17. Nxc8 Bc4 18. Nb6 Be6 19. h4 Nd7 20. Nxd7 Qxd7 21. Bxg7 Kxg7 22. h5 Rg8 23. hxg6 fxg6 24. Qd4+ 1-0


[Site "https://www.chess.com"]

[Event "Titled Tuesday Blitz June 6 Late 2023"]
[White "Grigoriants, Sergey"]
[Black "D`Arruda, Ricardo D."]
[WhiteFideId "4130804"]
[BlackFideId "100692"]
[WhiteElo "2502"]
[BlackElo "2517"]
[Result "0-1"]
[Round "2"]
[TimeControl "180+2"]
[Date "2023.06.07"]
[WhiteClock "0:00:04"]
[BlackClock "0:00:48"]
[Board "85"]

1. d4 Nf6 2. c4 e5 3. dxe5 Ne4 4. Nf3 Nc6 5. a3 d6 6. exd6 Bxd6 7. e3 Bf5 8. Be2 Qf6 9. O-O O-O-O 10. Nbd2 Rhe8 11. Nxe4 Bxe4 12. Qa4 Qh6 13. h3 g5 14. c5 Bxc5 15. b4 Bb6 16. b5 Na5 17. Bb2 f5 18. Ne5 Rd2 19. Bc3 Rxe2 20. Bxa5 Rxe5 21. Bxb6 Qxb6 22. Rad1 Rd5 23. Qc4 Red2 24. Rxd2 Rxd2 25. Qg8+ Rd8 26. Qxg5 Qxb5 27. f3 Bc6 28. Rc1 Qb2 29. Qxf5+ Kb8 30. Rc2 Qxa3 31. e4 Qe3+ 32. Kh2 Qd3 33. Rb2 Qd4 34. Rb1 h6 35. Qf4 Qd6 36. e5 Qf8 37. Qe3 Re8 38. Rb2 Qe7 39. f4 Qe6 40. Re2 Rg8 41. g4 h5 42. f5 Qc4 0-1


[Site "https://www.chess.com"]

[Event "Titled Tuesday Blitz June 6 Late 2023"]
[White "Indjic, Aleksandar"]
[Black "Liu, Eric"]
[WhiteFideId "911925"]
[BlackFideId "30960240"]
[WhiteElo "2614"]
[BlackElo "2094"]
[Result "1-0"]
[Round "2"]
[TimeControl "180+2"]
[Date "2023.06.07"]
[WhiteClock "0:00:34"]
[BlackClock "0:00:03"]
[Board "86"]

1. d4 b6 2. c4 Bb7 3. Nc3 e6 4. a3 h5 5. Nf3 h4 6. h3 Nf6 7. Qc2 d5 8. Bg5 Be7 9. Bxf6 Bxf6 10. O-O-O Nd7 11. e4 dxe4 12. Nxe4 O-O 13. Bd3 Qe7 14. Rhe1 Rfe8 15. Kb1 Qf8 16. Qd2 c5 17. Nxf6+ Nxf6 18. Ne5 cxd4 19. Qf4 Qd6 20. Qxh4 a6 21. g4 Kf8 22. g5 Nd7 23. f4 Ke7 24. Qh5 Nxe5 25. fxe5 Qc7 26. Rf1 Rf8 27. Rde1 b5 28. cxb5 axb5 29. g6 fxg6 30. Qg5+ Kd7 31. Qxg6 Rxf1 32. Rxf1 Qxe5 33. Rc1 Bc6 34. Rxc6 Kxc6 35. Qg2+ Kc5 36. Qxa8 Qe3 37. Qe4 Qg1+ 38. Ka2 Kd6 39. Bxb5 e5 40. h4 Qg3 41. Bd3 Qf2 42. a4 Qf7+ 43. Ka3 Qe7 44. a5 Ke6+ 45. b4 Qc7 46. Qg6+ Kd5 47. Be4+ Kc4 48. Qe6+ Kc3 49. Qh3+ Kd2 50. Qd3+ Ke1 51. Qg3+ Ke2 52. Qf3+ Ke1 53. Bd3 Qc1+ 54. Ka4 Qa1+ 55. Kb5 Qb2 56. Qf1+ Kd2 57. Qe2+ Kc1 58. Qe1# 1-0


[Site "https://www.chess.com"]

[Event "Titled Tuesday Blitz June 6 Late 2023"]
[White "Lobanov, Sergei"]
[Black "Santos Flores, Alberto"]
[WhiteFideId "24183750"]
[BlackFideId "3601234"]
[WhiteElo "2501"]
[BlackElo "2235"]
[Result "0-1"]
[Round "2"]
[TimeControl "180+2"]
[Date "2023.06.07"]
[WhiteClock "0:00:35"]
[BlackClock "0:00:25"]
[Board "87"]

1. d4 d5 2. c4 c6 3. Nf3 Nf6 4. e3 Bf5 5. Nc3 e6 6. Nh4 Bg4 7. Qb3 Qb6 8. h3 Bh5 9. Bd2 Nbd7 10. g4 Bg6 11. g5 Ng8 12. Be2 Ne7 13. c5 Qxb3 14. axb3 a6 15. b4 Rb8 16. f3 Nf5 17. Nxf5 Bxf5 18. e4 Bg6 19. Bf4 Rc8 20. h4 h6 21. gxh6 gxh6 22. h5 Bh7 23. Rg1 Nf6 24. Be5 Be7 25. Kf2 Kd7 26. exd5 exd5 0-1


[Site "https://www.chess.com"]

[Event "Titled Tuesday Blitz June 6 Late 2023"]
[White "Riehle, Marco"]
[Black "szachmistrz2500"]
[WhiteFideId "12904392"]
[WhiteElo "2462"]
[BlackElo "2450"]
[Result "0-1"]
[Round "2"]
[TimeControl "180+2"]
[Date "2023.06.07"]
[WhiteClock "0:01:09"]
[BlackClock "0:00:40"]
[Board "88"]

1. e4 c5 2. a3 Nc6 3. b4 d6 4. b5 Ne5 5. f4 Ng6 6. f5 Ne5 7. Bb2 g6 8. Nf3 Bg7 9. Nxe5 dxe5 10. fxg6 hxg6 11. Bc4 Qd6 12. d3 Be6 13. Nd2 Nf6 14. Qf3 O-O-O 15. Bxe6+ Qxe6 16. Nc4 Ne8 17. O-O-O Nd6 18. Nxd6+ exd6 19. Kb1 f5 20. exf5 gxf5 21. Rdf1 Rdf8 22. Qe2 d5 23. h3 d4 24. g4 fxg4 25. hxg4 Rxh1 26. Rxh1 Rf4 27. Rg1 e4 28. dxe4 Rxe4 29. Qf1 c4 30. Qf5 Kd7 31. Bc1 Re5 32. Qxe6+ Kxe6 33. a4 a6 34. bxa6 bxa6 35. Rh1 Ra5 36. Re1+ Kf7 37. Rf1+ Kg6 38. Re1 Rxa4 39. Re6+ Kf7 40. Rc6 d3 41. cxd3 cxd3 42. Rc7+ Kg6 43. Rc6+ Kh7 44. Bb2 Rb4 45. Rxa6 Rxb2+ 46. Kc1 Rg2 47. Rd6 Bh6+ 48. Kb1 d2 49. Kc2 Rxg4 50. Rd7+ Kg6 51. Rd6+ Kh5 52. Rd5+ Bg5 53. Kb3 Rg1 54. Rc5 d1=Q+ 55. Rc2 Rg3+ 56. Kb2 Bf6+ 57. Rc3 0-1


[Site "https://www.chess.com"]

[Event "Titled Tuesday Blitz June 6 Late 2023"]
[White "Kovalevsky, Stanislav"]
[Black "Papasimakopoulos, Alexandros"]
[WhiteFideId "13508598"]
[BlackFideId "4244125"]
[WhiteElo "2112"]
[BlackElo "2359"]
[Result "0-1"]
[Round "2"]
[TimeControl "180+2"]
[Date "2023.06.07"]
[WhiteClock "0:00:03"]
[BlackClock "0:00:50"]
[Board "89"]

1. c4 e6 2. e4 d5 3. exd5 exd5 4. cxd5 Nf6 5. Nc3 Nxd5 6. Bc4 Nb6 7. Bb3 Be7 8. Nge2 O-O 9. O-O Nc6 10. d4 Bg4 11. f3 Bf5 12. Be3 Na5 13. Bc2 Bxc2 14. Qxc2 Nac4 15. Bf2 Re8 16. Rfe1 Bg5 17. Ng3 Be3 18. Bxe3 Nxe3 19. Qd3 Ned5 20. Nf5 Qg5 21. g3 g6 22. Nh4 Nb4 23. Qb5 Qxb5 24. Nxb5 N6d5 25. Re4 f5 26. Re5 c6 27. Nd6 Reb8 28. a3 Nd3 29. Re6 Nxb2 30. Rb1 Na4 31. Rxb7 Rxb7 32. Nxb7 Rb8 33. Nd6 Nac3 34. g4 Rb1+ 35. Kf2 Rb2+ 36. Kg3 Ne2+ 37. Rxe2 Rxe2 38. gxf5 g5 39. f6 gxh4+ 40. Kg4 Nxf6+ 41. Kf5 Ne8 42. Nxe8 Rxe8 0-1


[Site "https://www.chess.com"]